 Dungeon Crawl Stone Soup version 0.29.0-13-gc9e81de378 (webtiles) character file.

Game seed: 14280161027208274330

1317 Iusername the Destroyer (level 8, -6/38 (43) HPs)
             Began as a Deep Elf Conjurer on Sept 7, 2022.
             Was a Follower of Dithmenos.
             Mangled by a wight
             ... wielding a +5 war axe
              (12 damage)
             ... on level 5 of the Dungeon.
             The game lasted 00:15:09 (11321 turns).

Iusername the Destroyer (Deep Elf Conjurer)        Turns: 11321, Time: 00:15:10

HP:   -6/38 (43)    AC:  7    Str: 12    XL:     8   Next: 33%
MP:   21/22         EV: 29    Int: 24    God:    Dithmenos [*.....]
Gold: 286           SH:  0    Dex: 19    Spells: 22/23 levels left

rFire   . . .      SeeInvis .   m - +5 quarterstaff (chaos)
rCold   . . .      Faith    .   (shield currently unavailable)
rNeg    . . .      Spirit   .   a - +0 robe
rPois   .          Reflect  .   j - +1 helmet
rElec   .          Harm     .   n - +0 cloak
rCorr   .          Rampage  .   e - +1 pair of gloves
Will    .....                   (no boots)
Stlth   +++.......              B - amulet of the acrobat
HPRegen 0.12/turn               q - +6 ring of strength
MPRegen 0.18/turn               y - +6 ring of dexterity

@: acrobatic, wreathed by umbra, heavily drained
A: no striking features
a: Renounce Religion


You were on level 5 of the Dungeon.
You worshipped Dithmenos.
Dithmenos was aware of your devotion.
You visited 2 branches of the dungeon, and saw 7 of its levels.

You collected 286 gold pieces.

Inventory:

Hand Weapons
 m - a +5 quarterstaff of chaos (weapon)
Missiles
 l - 3 silver javelins
 A - 2 throwing nets
Armour
 a - a +0 robe (worn)
 e - a +1 pair of gloves (worn)
 j - a +1 helmet (worn)
 n - a +0 cloak (worn)
Jewellery
 k - a ring of protection from cold
 q - a +6 ring of strength (left hand)
 y - a +6 ring of dexterity (right hand)
 z - a ring of ice
 B - an amulet of the acrobat (around neck)
Wands
 v - a wand of mindburst (10)
 x - a wand of acid (12)
Scrolls
 c - a scroll of silence
 f - 4 scrolls of teleportation
 h - 4 scrolls of fear
 o - a scroll of amnesia
 s - 3 scrolls of torment
 D - a scroll of enchant weapon
Potions
 b - a potion of magic
 d - a potion of ambrosia {unknown}
 g - a potion of brilliance
 i - a potion of cancellation
 p - 2 potions of degeneration
 u - a potion of resistance


   Skills:
 + Level 1.0 Fighting
 + Level 1.8 Staves
 + Level 3.7 Dodging
 + Level 4.4 Stealth
 + Level 8.4 Spellcasting
 + Level 8.6 Conjurations


You had 22 spell levels left.
You knew the following spells:

 Your Spells              Type           Power      Damage    Failure   Level
a - Magic Dart            Conj           100%       1d8       1%          1

Your spell library contained the following spells:

 Spells                   Type           Power      Damage    Failure   Level
 Searing Ray              Conj           100%       2d8       1%          2
 Dazzling Flash           Conj/Hex       60%        N/A       3%          3
 Sublimation of Blood     Necr           10%        N/A       10%         2
 Fulminant Prism          Conj/Hex       15%        3d11      11%         4
 Iskenderun's Mystic Bla  Conj/Tloc      30%        2d8       11%         4
 Irradiate                Conj/Tmut      15%        3d16      28%         5
 Petrify                  Tmut/Erth      10%        N/A       52%         4


Dungeon Overview and Level Annotations

Branches:
Dungeon (6/15)             Temple (1/1) D:4

Altars:
Ashenzari
Dithmenos
Elyvilon
Gozag
Kikubaaqudgha
Makhleb
Nemelex Xobeh
Okawaru
Qazlal
Ru
Trog
Xom
Yredelemnul
Zin
Ignis


Message History

Blork the orc is almost dead.
Blork the orc completely misses you.
The magic dart hits Blork the orc.
You kill Blork the orc!
Dithmenos accepts your kill.
You can't see any susceptible monsters within range! (Use Z to cast anyway.)
You start resting.
HP restored.
You start resting.
Magic restored.
You start waiting.
Done waiting.
You climb downwards.
The orc hits you but does no damage. The wight hits you with a +5 war axe!
You feel drained. The orc hits you but does no damage.
The wight barely misses you.
There is a stone staircase leading up, spattered with blood here.
The wight misses you. The orc hits you but does no damage.
The wight hits you with a +2 morningstar of distortion.
You feel drained. Space warps horribly around you!
You climb upwards.
There is a stone staircase leading down here.
You are too injured to fight recklessly!
You are too injured to fight recklessly!
You are too injured to fight recklessly!
You are too injured to fight recklessly!
Casting: Magic Dart (safe; 1% risk of failure)
Confirm with . or Enter, or press ? or * to list all spells.
Aiming: Magic Dart (safe; 1% risk of failure)
Press: ? - help, Shift-Dir - straight line, f - orc
Aim: an orc, wielding a +0 club (umbra, 100% to hit)
The magic dart hits the orc.
The orc is heavily wounded.
The orc closely misses you. The wight barely misses you.
The wight hits you with a +5 war axe!
* * * LOW HITPOINT WARNING * * *
You feel drained.
* * * LOW HITPOINT WARNING * * *
The wight attacks as you move away! The wight barely misses you.
The orc completely misses you. The wight hits you with a +5 war axe!
You die...

#.##.....###.....#.#####.........
......#.## #.[...#...............
#.#.....# #.....#.#####.########
#.#.#.#.# ##....#...# #.#.....#.
###...#.# ##....###.# #.......#.
.....##.# #.......#.# #.#.......
.#.#.##.# #.......#.###.......#.
[..#.##.# #.......#...'.......+.
##......# #....@[.#####.......##
.#.#.#### #...ozz.# #.......#
.#.#.# #.......# ######### .#†#.#
#######'############## .#.#.#
#....................# ...#.#
#.#.#.#.#.#.#........# ...#.#
#....................#
.#.#.#####...⌠.....⌠..........###
.#.#............_................


You could see 2 wights and an orc.

Vanquished Creatures
  2 water moccasins
  An ice beast (D:4)
  A centaur (D:5)
  Blork the orc (D:5)
  A bullfrog (D:6)
  A necrophage (D:5)
  2 scorpions (D:5)
  2 hounds
  Crazy Yiuf (D:2)
  2 orc priests
  3 iguanas
  Natasha (twice) (D:2)
  An orc wizard (D:5)
  12 gnolls
  10 adders
  A white imp (D:5)
  An ufetubus (D:3)
  2 dart slugs
  6 orcs
  5 endoplasms
  5 giant cockroaches
  14 goblins
  10 hobgoblins
  2 jackals (D:2)
  3 quokkas
  14 ball pythons
  5 bats
  4 frilled lizards
  11 kobolds
  7 rats
132 creatures vanquished.

Notes
Turn   | Place    | Note
-------+----------+-------------------------------------------
     0 | D:1      | Iusername the Deep Elf Conjurer began the quest for the
                  | Orb.
     0 | D:1      | Reached XP level 1. HP: 10/10 MP: 6/6
   190 | D:1      | Reached XP level 2. HP: 15/15 MP: 0/8
   660 | D:1      | Reached skill level 5 in Conjurations
   862 | D:1      | Found a faded altar of an unknown god.
  1225 | D:2      | Noticed Natasha
  1232 | D:2      | Killed Natasha
  1233 | D:2      | Reached XP level 3. HP: 10/19 MP: 1/9
  1693 | D:2      | Identified the +8 dagger of the Equator {freeze, rPois rF+
                  | Will+}
  1709 | D:2      | Noticed Natasha
  1714 | D:2      | Killed Natasha
  1715 | D:2      | Reached XP level 4. HP: 24/24 MP: 4/11
  2865 | D:2      | Found a runed translucent door.
  2866 | D:2      | Noticed Crazy Yiuf
  2873 | D:2      | Killed Crazy Yiuf
  3271 | D:3      | Reached XP level 5. HP: 28/28 MP: 9/13
  4137 | D:3      | Found a bloodstained altar of Trog.
  4996 | D:4      | Reached skill level 5 in Spellcasting
  5257 | D:3      | Reached XP level 6. HP: 32/32 MP: 10/15
  5763 | D:4      | Noticed an ice beast
  5775 | D:4      | Killed an ice beast
  6054 | D:4      | Identified the +3 ring mail "Boergh" {Fly Regen+}
  6096 | D:4      | Found a staircase to the Ecumenical Temple.
  6105 | Temple   | Entered the Ecumenical Temple
  6152 | Temple   | Became a worshipper of Dithmenos the Shadowed
  7327 | D:5      | Entered Level 5 of the Dungeon
  7327 | D:5      | Found a white marble altar of Elyvilon.
  7700 | D:5      | Reached XP level 7. HP: 36/36 MP: 7/18
  9213 | D:5      | Reached * piety under Dithmenos
  9726 | D:5      | Reached skill level 1 in Staves
  9726 | D:5      | Reached XP level 8. HP: 17/42 MP: 13/21
 10345 | D:5      | HP: 2/42 [something/puff of flame (11)]
 10352 | D:5      | Reached skill level 1 in Fighting
 10841 | D:6      | Noticed Blork the orc
 11183 | D:5      | Killed Blork the orc
 11321 | D:5      | Mangled by a wight

Illustrated notes

Levels and vault maps discovered:
D:1:      tarquinn_simple_flora_water_b, layout_rooms,
          dreamdust_ecumenical_altar_grove, lemuel_flame_loot_1
D:2:      layout_loops_corners, uniq_crazy_yiuf_cottage, uniq_natasha
D:3:      minmay_diamond_boxcup, layout_basic, trog_antimagical, minmay_bisected
D:4:      cheibrodos_greedy_goblins, layout_rooms,
          minmay_temple_entry_stoned_glass
D:5:      layout_basic, elyvilon_altar_5, minmay_fractal_squares_5
D:6:      layout_rooms, tso_altar, ebering_ghost_reflecting_pool,
          chequers_mini_garden, uniq_eustachio, uniq_blork_the_orc,
          uniq_prince_ribbit1, uniq_sigmund
Temple:   pdpol_scorched_temple

Skill      XL: |  1  2  3  4  5  6  7  8 |
---------------+-------------------------+-----
Conjurations   | 5 6 7 8 |  8.6
Stealth        | 3 4 |  4.4
Spellcasting   | 4 5 6 7 8 |  8.4
Dodging        | 3 |  3.7
Staves         | 1 |  1.8
Fighting       | 1 |  1.0

Action                   |  1- 3 |  4- 6 |  7- 9 || total
-------------------------+-------+-------+-------++-------
Melee: Quarterstaff      |       |     4 |    19 ||    23
 Cast: Magic Dart        |    48 |   190 |   100 ||   338
  Use: Potion            |       |     2 |     4 ||     6
       Scroll            |       |     9 |     2 ||    11
Armor: Robe              |     3 |    22 |    22 ||    47
Dodge: Dodged            |     1 |    37 |    51 ||    89
